 Dungeon Crawl Stone Soup version 0.26-a0-712-ga5a9c9c9d0 (webtiles) character file.

Game seed: 10603326673275532568

474 kae the Ruffian (level 6, 0/54 HPs)
             Began as a Troll Transmuter on Nov 11, 2020.
             Slain by a bullfrog (3 damage)
             ... on level 5 of the Dungeon.
             The game lasted 00:01:30 (3805 turns).

kae the Ruffian (Troll Transmuter)                  Turns: 3805, Time: 00:01:30

Health: 0/54       AC:  6    Str: 21    XL:     6   Next: 84%
Magic:  9/9        EV: 10    Int:  9    God:
Gold:   231        SH:  0    Dex: 10    Spells: 7/11 levels left

rFire    . . .     SeeInvis .     - Unarmed
rCold    . . .     Faith    .   (no shield)
rNeg     . . .     Spirit   .   a - +0 robe
rPois    .         Reflect  .   (helmet restricted)
rElec    .         Harm     .   (no cloak)
rCorr    .         Rampage  .   (gloves unavailable)
MR       .....                  (boots unavailable)
Stlth    +.........             (no amulet)
HPRegen  0.58/turn              (no ring)
MPRegen  0.11/turn              (no ring)

@: no status effects
A: large, unfitting armour, claws 3, regeneration 1, shaggy fur 1, tough skin 3
a: no special abilities


You were on level 5 of the Dungeon.
You visited 1 branch of the dungeon, and saw 6 of its levels.

You collected 231 gold pieces.

Inventory:

Armour
 a - a +0 robe (worn)
Jewellery
 m - an uncursed ring of protection from magic {unknown}
 n - an uncursed amulet of reflection {unknown}
 s - an uncursed ring of resist corrosion {unknown}
Wands
 o - a wand of digging (9)
Scrolls
 c - 4 scrolls of random uselessness {unknown}
 d - 6 scrolls of teleportation {unknown}
 f - 2 scrolls of fog {unknown}
 g - 4 scrolls of remove curse {unknown}
 h - 6 scrolls of identify {unknown}
 i - 2 scrolls of blinking {unknown}
 j - 2 scrolls of fear {unknown}
 q - a scroll of enchant weapon {unknown}
Potions
 b - 6 potions of curing {unknown}
 e - 2 potions of flight {unknown}
 k - 3 potions of magic {unknown}
 l - 2 potions of invisibility {unknown}
 p - a potion of haste {unknown}
 r - a potion of degeneration {unknown}
 t - a potion of mutation {unknown}
 u - a potion of might {unknown}
 v - a potion of lignification {unknown}


   Skills:
 - Level 0.7 Fighting
 - Level 1.5 Dodging
 + Level 5.0 Unarmed Combat
 - Level 3.0 Spellcasting
 + Level 3.2 Transmutations


You had 7 spell levels left.
You knew the following spells:

 Your Spells              Type           Power        Failure   Level
a - Beastly Appendage     Tmut           #.....       8%          1
b - Spider Form           Tmut/Pois      #.........   43%         3

Your spell library contained the following spells:

 Spells                   Type           Power        Failure   Level
 Wereblood                Tmut           #.......     12%         2
 Corona                   Hex            #......      30%         1
 Ensorcelled Hibernation  Hex/Ice        #.....       41%         2
 Confusing Touch          Hex            #.......     65%         3
 Dazzling Flash           Conj/Hex       #.....       65%         3
 Tukima's Dance           Hex            #.......     65%         3
 Ice Form                 Ice/Tmut       #.......     83%         4
 Blade Hands              Tmut           #.........   91%         5


Dungeon Overview and Level Annotations

Branches:
Dungeon (6/15)
 Temple: D:4-7

Altars:
Makhleb

Annotations:
D:5 3 runed translucent doors, Yendr0's ghost, amateur MiFi


Innate Abilities, Weirdness & Mutations

You are too large for most types of armour.
You have claws for hands.
Your natural rate of healing is unusually fast.
You are covered in fur. (AC +1)
You have extremely tough skin. (AC +3)


Message History

The bullfrog completely misses you.
You closely miss the bullfrog.
The bullfrog is severely wounded.
The bullfrog hits you but does no damage.
You completely miss the bullfrog.
The bullfrog is severely wounded.
The bullfrog hits you but does no damage.
The bullfrog closely misses you.
Okay, then.
You closely miss the bullfrog.
The bullfrog is severely wounded.
The bullfrog hits you but does no damage.
You closely miss the bullfrog.
The bullfrog is severely wounded.
The bullfrog hits you.
* * * LOW HITPOINT WARNING * * *
You scratch the bullfrog.
The bullfrog is almost dead.
The bullfrog hits you.
You die...

..W.F..#.# #...#
..#.#..#.# #.#.#
.#...#.#.# #...#
..#.#..#.# ##..##
..?W...#.# #...#
....F..#.# ##..#
########.# #..#
.........######.##
...........)...F@#
####.#.###########
..........#
#########.# #.#
#.# #.# #.# #.#


You could see a bullfrog.

Vanquished Creatures
  An ogre (D:4)
  A centaur (D:6)
  A scorpion (D:5)
  A bullfrog zombie (D:5)
  2 hounds (D:5)
  2 worker ants (D:4)
  5 adders
  A white imp (D:5)
  2 oozes
  3 worms
  A dart slug (D:1)
  3 leopard geckos
  3 orcs
  5 bats
  2 giant cockroaches
  2 goblins
  A hobgoblin (D:2)
  8 jackals
  2 kobolds
  5 quokkas
  4 frilled lizards
  5 rats
60 creatures vanquished.

Notes
Turn   | Place    | Note
-------+----------+-------------------------------------------
     0 | D:1      | kae the Troll Transmuter began the quest for the Orb.
     0 | D:1      | Reached XP level 1. HP: 18/18 MP: 1/1
   382 | D:1      | Reached XP level 2. HP: 26/26 MP: 1/3
   953 | D:2      | Reached XP level 3. HP: 32/32 MP: 4/4
  1540 | D:3      | You fall into a shaft and drop 2 floors!
  1540 | D:5      | Entered Level 5 of the Dungeon
  1556 | D:5      | Reached XP level 4. HP: 27/40 MP: 4/6
  1592 | D:5      | Found a runed translucent gate.
  1594 | D:5      | Found a runed translucent gate.
  1595 | D:5      | Found a runed translucent gate.
  1598 | D:5      | Noticed Yendr0's ghost (amateur MiFi)
  1599 | D:5      | Noticed a bullfrog
  1989 | D:5      | Reached XP level 5. HP: 45/46 MP: 5/7
  2220 | D:5      | Found a burning altar of Makhleb.
  2234 | D:5      | Reached skill level 4 in Unarmed Combat
  2388 | D:4      | Noticed an ogre
  2394 | D:4      | Killed an ogre
  2394 | D:4      | Reached XP level 6. HP: 32/54 MP: 7/9
  2464 | D:4      | Learned a level 3 spell: Spider Form
  3792 | D:5      | Reached skill level 5 in Unarmed Combat
  3800 | D:5      | HP: 2/54 [bullfrog (8)]
  3805 | D:5      | Slain by a bullfrog

Illustrated notes

Levels and vault maps discovered:
D:1:      wheals_arrival_linesprint, layout_basic
D:2:      layout_rooms
D:3:      layout_loops_corners, chequers_serial_rivers_room_a
D:4:      layout_basic
D:5:      layout_basic, gammafunk_ghost_split, makhleb_blood_cavern_becter
D:6:      layout_cave_pools, serial_shops, kennysheep_mini,
          minmay_hollow_rounded_squares

Skill      XL: |  1  2  3  4  5  6 |
---------------+-------------------+-----
Spellcasting   | 2 3 |  3.0
Transmutations | 2 3 |  3.2
Unarmed Combat | 4 5 |  5.0
Fighting       | |  0.7
Dodging        | |  1.5

Action                   |  1- 3 |  4- 6 || total
-------------------------+-------+-------++-------
Melee: Unarmed           |   112 |   109 ||   221
       Punch             |     1 |     1 ||     2
       Kick              |     3 |     4 ||     7
       Headbutt          |       |     7 ||     7
 Cast: Beastly Appendage |     5 |     9 ||    14
 Stab: Sleeping          |     1 |     1 ||     2
Armor: Robe              |    58 |    43 ||   101
Dodge: Dodged            |    59 |    72 ||   131

Table legend: (Time is in decaauts)
 A = Elapsed time spent in this place.
 B = Non-inter-level travel time spent in this place.
 C = Inter-level travel time spent in this place.
 D = Time resting spent in this place.
 E = Time spent auto-exploring this place.
 F = Levels seen in this place.
 G = Mean time per level.
                   A        B        C        D        E       F      G
               +--------+--------+--------+--------+--------+-----+--------+
         Total |   3793 |   3515 |    278 |      0 |   3076 |   6 |  632.2 |
       Dungeon |   3793 |   3515 |    278 |      0 |   3076 |   6 |  632.2 |
               +--------+--------+--------+--------+--------+-----+--------+

Top non-repeatable levels by time:
     D:1: 933 daAuts
     D:5: 906 daAuts
     D:3: 857 daAuts
     D:2: 601 daAuts
     D:4: 477 daAuts
     D:6: 18 daAuts
